 Dungeon Crawl Stone Soup version 0.30-a0-986-g7f2e898f52 (webtiles) character file.

Game seed: 12087876161403914047

1059 ytrimaz the Blocker (level 8, 0/87 (97) HPs)
             Began as a Formicid Fighter on Apr 2, 2023.
             Slain by an ogre
             ... wielding a +0 giant club
              (4 damage)
             ... on level 6 of the Dungeon.
             The game lasted 00:06:26 (5176 turns).

ytrimaz the Blocker (Formicid Fighter)              Turns: 5176, Time: 00:06:26

HP:   0/87 (97)     AC: 24    Str: 24    XL:     8   Next: 52%
MP:   8/8           EV:  2    Int:  7    God:
Gold: 269           SH:  6    Dex: 13    Spells: 7/7 levels left

rFire   . . .      SeeInvis .    a - +0 flail
rCold   . . .      Faith    .    c - +0 buckler
rNeg    . . .      Spirit   .    d - melded +2 scale mail {rC+}
rPois   +          Reflect  .    (helmet unavailable)
rElec   .          Rampage  .    (cloak currently unavailable)
rCorr   .                        k - melded +0 pair of gloves
Will    .....                    (boots currently unavailable)
Stlth   +                        (no amulet)
HPRegen 0.34/turn                (no ring)
MPRegen 0.11/turn                (no ring)

@: tree-form, heavily drained
A: stationary, stasis, torment immunity, boosted hp, permanent stasis, dig
shafts and tunnels, (antennae 3), four strong arms, (deformed body)
a: no special abilities


You were on level 6 of the Dungeon.
You were a tree.
You visited 1 branch of the dungeon, and saw 8 of its levels.

You collected 269 gold pieces.


Innate Abilities, Weirdness & Mutations

You are a tree.
Your roots penetrate the ground, keeping you stationary.
You cannot be teleported.
You are immune to unholy pain and torment.
Your maximum health is greatly increased.
Your equipment is partially melded.
You cannot be hasted, slowed, berserked, paralysed or teleported.
You can dig through walls and to a lower floor.
((You have a pair of large antennae on your head. (SInv)))
Your four strong arms can wield two-handed weapons with a shield.
((Armour fits poorly on your strangely shaped body.))


   Skills:
 + Level 6.7 Fighting
 - Level 2.4 Maces & Flails
 + Level 6.6 Armour
 + Level 8.1 Shields


You had 7 spell levels left.
You didn't know any spells.
Your spell library contained the following spells:

 Spells                   Type           Power      Damage    Failure   Level
 Airstrike                Air            0%         2d(0-16)  99%         4
 Summon Lightning Spire   Summ/Air       0%         N/A       99%         4
 Plasma Beam              Fire/Air       0%         2x1d7     100%        5

Inventory:

Hand Weapons
 a - a +0 flail (weapon)
Armour
 c - a +0 buckler (worn)
 d - a +2 scale mail of cold resistance (melded)
   (You found it on level 4 of the Dungeon)
 k - a +0 pair of gloves (melded)
   (You found it on level 3 of the Dungeon)
Scrolls
 f - a scroll of amnesia
 g - 3 scrolls of immolation
 h - a scroll of silence
 i - a scroll of enchant armour
 j - 3 scrolls of magic mapping
 n - a scroll of identify
Potions
 e - 2 potions of brilliance
 l - a potion of flight

Dungeon Overview and Level Annotations

Branches:
Dungeon (8/15) Zot: 26972
 Temple: D:4-7         Lair: D:8-11

Altars:
Cheibriados

Shops:
D:1 =(([ D:3

[*?* ####### {
#..?..######
.##..........#
.............#
#..........#
#..##♣######
..#.#..##O#
.........>#
#...#..##.# #
#.... ..#
#.##O.### #
.s. .. ...


You could see an ogre.


Message History

You start resting.
You feel sick. x6
You are no longer poisoned. 😱 HP[-5]
You take 5 damage, and now have 2/58 hp.
Unknown command.
You start resting. 😎 HP[+56]
Your hp is fully restored (58).
You start waiting.
You sense a monster nearby.
Unknown command.
An orc comes into view. It is wielding a +0 hand axe.
Unknown command.
The orc shouts!
The orc hits you but does no damage.
You hit the orc. You block the orc's attack.
You sock the orc!
You kill the orc!
No target in view!
Unknown command.
You now have 227 gold pieces (gained 31).
You see here a +0 hand axe.
Found a stone staircase leading down.
Unknown command.
Found a stone staircase leading up.
There is a stone staircase leading down here.
You sense a monster nearby.
Unknown command.
There is a stone staircase leading up here.
Found a stone staircase leading up.
n - a scroll of identify You now have 245 gold pieces (gained 18).
There is a stone staircase leading up here.
You climb upwards.
There is a stone staircase leading down here.
You now have 253 gold pieces (gained 8).
There is a stone staircase leading down here.
You see here a +0 ring mail.
You now have 269 gold pieces (gained 16).
You see here a +0 ring mail.
There is a stone staircase leading down here.
You sense a monster nearby.
Found a stone staircase leading up.
Unknown command.
o - an emerald potion
There is a stone staircase leading up here.
You climb upwards.
There is a stone staircase leading down here.
Unknown command.
You pick up a book of Storms and begin reading...
You add the spells Airstrike, Summon Lightning Spire and Plasma Beam to your library.
An ogre comes into view. It is wielding a +0 giant club.
The ogre shouts!
A scorpion comes into view.
You hit the ogre. You block the ogre's attack.
You completely miss the ogre. You block the ogre's attack.
Unknown command.
You hit the ogre. You block the ogre's attack.
You barely miss the ogre.
Unknown command.
You sock the ogre!
The ogre hits you with a +0 giant club!! 😮 HP[-20]
You take 20 damage, and now have 38/58 hp.
MASSIVE DAMAGE!! (PAUSE)
You hit the ogre.
The ogre hits you with a +0 giant club! 😮 HP[-8]
You take 8 damage, and now have 30/58 hp.
You barely miss the ogre.
You block the ogre's attack. 😮 HP[+1] Unknown command.
You hit the ogre but do no damage. The ogre hits you with a +0 giant club!
* * * LOW HITPOINT WARNING * * *
😨 HP[-11]
You take 11 damage, and now have 20/58 hp.
You hit the ogre but do no damage.
The ogre hits you with a +0 giant club!!
* * * LOW HITPOINT WARNING * * *
Unknown command. 😱 HP[-18]
You take 18 damage, and now have 2/58 hp.
MASSIVE DAMAGE!! (PAUSE)
You feel better. The ogre hits you with a +0 giant club!
* * * LOW HITPOINT WARNING * * *
😱 HP[-1]
You take 1 damage, and now have 1/58 hp.
It was a potion of magic.
Magic courses through your body.
It was a potion of lignification.
You turn into a tree.
Your +0 pair of gloves melds into your body.
Your +2 scale mail of cold resistance melds into your body.
You feel less resistant to cold.
Your roots penetrate the ground.
You block the ogre's attack. 😱 HP[+1]
You now have 87 max hp (+29).
You hit the ogre.
You block the ogre's attack. 😱 HP[+1] Unknown command.
You hit the ogre. The ogre barely misses you.
You hit the ogre. The ogre hits you with a +0 giant club.
You die...

Skill      XL: |  1  2  3  4  5  6  7  8 |
---------------+-------------------------+-----
Fighting       | 4 5 6 |  6.7
Armour         | 4 5 6 |  6.6
Shields        | 5 6 7 8 |  8.1
Maces & Flails | |  2.4

Action                     |  1- 3 |  4- 6 |  7- 9 || total
---------------------------+-------+-------+-------++-------
  Melee: Flail             |    92 |   126 |   229 ||   447
Ability: Dig               |       |       |     1 ||     1
         Shaft Self        |       |       |     1 ||     1
    Use: Scroll            |     4 |     8 |     1 ||    13
         Potion            |     4 |       |     6 ||    10
 Armour: Scale mail        |    69 |   124 |   119 ||   312
  Dodge: Dodged            |    56 |    78 |   135 ||   269
  Block: Buckler           |    38 |    45 |    98 ||   181

Levels and vault maps discovered:
D:1:      dpeg_arrival_shrine, layout_basic, serial_shops,
          nicolae_lakefront_shop, shop, shop_statue, shop,
          wad_floor_pattern_untrapped, dreamdust_princess_corridor
D:2:      layout_rooms, minmay_tiny_reverse_x
D:3:      layout_loops_ring, general_overflow_altar, serial_shops,
          nicolae_shop_window_shopping, nicolae_lakefront_shop, shop, shop,
          uniq_sigmund, uniq_jessica
D:4:      wad_woods_stonehenge, layout_basic, minivault_23,
          grunt_decor_resistance
D:5:      layout_gridville, kennysheep_another_room, st_stairs_13,
          kennysheep_big_empty_room, kennysheep_generic_room_7, uniq_pikel
D:6:      layout_basic, makhleb_altar_promises_db,
          gammafunk_temple_overflow_statue, minmay_temple_entry_from_below_b,
          serial_shops, nicolae_shop_hallway_stairs
D:7:      minmay_skewed_foursquare, layout_loops_ring, serial_shops, shop
D:8:      layout_layer_cave, serial_shops, nicolae_take_the_stairs,
          kennysheep_boxes

Notes
Turn   | Place    | Note
-------+----------+-------------------------------------------
     0 | D:1      | ytrimaz the Formicid Fighter began the quest for the Orb.
     0 | D:1      | Reached XP level 1. HP: 18/18 MP: 1/1
     0 | D:1      | magus.rc [v1.9.6]
    51 | D:1      | Reached XP level 2. HP: 23/24 MP: 2/2
    94 | D:1      | Found Xaixtoy's Antique Weapon Shoppe.
   179 | D:1      | HP: 6/24 [goblin/+0 club (3)]
   185 | D:1      | Reached XP level 3. HP: 9/29 MP: 3/3
   295 | D:1      | Found Pohefola's Weapon Boutique.
   295 | D:1      | Found Taes's Jewellery Emporium.
   510 | D:1      | Found Pizokeyre's Antique Armour Shoppe.
  1050 | D:2      | Reached XP level 4. HP: 37/37 MP: 4/4
  1202 | D:2      | Reached skill level 4 in Fighting
  1227 | D:2      | Reached skill level 4 in Armour
  1227 | D:2      | Reached skill level 5 in Shields
  1792 | D:3      | Noticed Jessica
  1800 | D:3      | Killed Jessica
  1801 | D:3      | Reached XP level 5. HP: 35/42 MP: 5/5
  1851 | D:3      | Found Joaciew's Assorted Antiques.
  1875 | D:3      | Found Gipiguth's Magic Scroll Emporium.
  1935 | D:3      | Noticed an ice beast
  1948 | D:3      | Killed an ice beast
  1949 | D:3      | Reached XP level 6. HP: 20/49 MP: 6/6
  2114 | D:3      | Found Qittah's Assorted Antiques.
  2200 | D:3      | Found Egior's Armour Shoppe.
  2376 | D:3      | Noticed Sigmund
  2385 | D:3      | Killed Sigmund
  2386 | D:3      | Reached skill level 5 in Fighting
  2386 | D:3      | Reached skill level 5 in Armour
  2386 | D:3      | Reached skill level 6 in Shields
  2386 | D:3      | Reached XP level 7. HP: 40/56 MP: 7/7
  2561 | D:3      | Found a snail-covered altar of Cheibriados.
  2918 | D:4      | HP: 14/56 [gnoll/+0 flail (8)]
  2923 | D:4      | HP: 3/56 [gnoll/+0 flail (5)]
  3155 | D:4      | Found a snail-covered altar of Cheibriados.
  3371 | D:4      | Reached skill level 7 in Shields
  3661 | D:4      | Reached skill level 6 in Fighting
  3661 | D:4      | Reached skill level 6 in Armour
  3661 | D:4      | Reached XP level 8. HP: 37/64 MP: 8/8
  3953 | D:5      | Entered Level 5 of the Dungeon
  3965 | D:4      | Gained mutation: Armour fits poorly on your strangely
                  | shaped body. [potion of mutation]
  3967 | D:4      | HP: 15/64 [poisoned by a killer bee]
  3972 | D:4      | HP: 12/64 [poisoned by a killer bee]
  4516 | D:5      | HP: 16/65 [orc wizard/+0 dagger (2)]
  4524 | D:5      | Reached skill level 8 in Shields
  4729 | D:5      | HP: 12/58 [wight/+2 heavy hand axe (4)]
  4731 | D:5      | You fall into a shaft and drop 3 floors!
  4734 | D:8      | HP: 5/58 [poisoned by a scorpion]
  4738 | D:8      | HP: 2/58 [poisoned by a scorpion]
  5155 | D:6      | You pick up a book of Storms and begin reading...
  5155 | D:6      | You add the spells Airstrike, Summon Lightning Spire and
                  | Plasma Beam to your library.
  5170 | D:6      | HP: 2/58 [ogre/+0 giant club (18)]
  5176 | D:6      | Slain by an ogre

Vanquished Creatures
  Sigmund (D:3)
  An ice beast (D:3)
  A centaur (D:5)
  A phantom (D:5)
  A bullfrog (D:4)
  2 scorpions
  3 hounds (D:4)
  An orc priest (D:5)
  A sleepcap (D:4)
  Jessica (D:3)
  2 iguanas
  3 orc wizards
  3 gnolls (D:4)
  5 adders
  A worm (D:2)
  3 dart slugs
  8 orcs
  4 ball pythons
  6 endoplasms
  4 giant cockroaches
  5 hobgoblins
  11 kobolds
  6 quokkas
  6 bats
  5 frilled lizards
  8 goblins
  3 rats
96 creatures vanquished.

Vanquished Creatures (others)
  15 plants (D:4)
15 creatures vanquished.

Grand Total: 111 creatures vanquished

Table legend:
 A = Non-vault XP
 B = Vault XP
 C = Vault XP percentage of total XP
 D = Non-vault monster count
 E = Vault monster count
 F = Vault count percentage of total count
                 A         B        C        D         E       F
            +---------+---------+-------+---------+---------+-------
      Total |    1141 |     373 |  24.6 |      85 |      11 |  11.5
            +---------+---------+-------+---------+---------+-------
        D:1 |      49 |       0 |   0.0 |      28 |       0 |   0.0
        D:2 |      75 |       3 |   3.8 |      21 |       2 |   8.7
        D:3 |     150 |     260 |  63.4 |       9 |       2 |  18.2
        D:4 |     446 |     110 |  19.8 |      18 |       7 |  28.0
        D:5 |     418 |       0 |   0.0 |       8 |       0 |   0.0
        D:8 |       3 |       0 |   0.0 |       1 |       0 |   0.0
            +---------+---------+-------+---------+---------+-------

Illustrated notes

Table legend:
 A = Kills in this place as a percentage of kills in the entire game.
 B = Kills by you in this place as a percentage of kills by you in the entire game.
 C = Kills by friends in this place as a percentage of kills by friends in the entire game.
 D = Other kills in this place as a percentage of other kills in the entire game.
 E = Experience gained in this place as a percentage of experience gained in the entire game.
 F = Experience gained in this place divided by the number of levels of this place that you have seen.
                   A       B       C       D       E      F
               +-------+-------+-------+-------+-------+----------------------
         Total | 100.0 | 100.0 |   N/A |   N/A | 100.0 | 189.2
       Dungeon | 100.0 | 100.0 |   N/A |   N/A | 100.0 | 189.2
               +-------+-------+-------+-------+-------+----------------------

Table legend: (Time is in decaauts)
 A = Elapsed time spent in this place.
 B = Non-inter-level travel time spent in this place.
 C = Inter-level travel time spent in this place.
 D = Time resting spent in this place.
 E = Time spent auto-exploring this place.
 F = Levels seen in this place.
 G = Mean time per level.
                   A        B        C        D        E       F      G
               +--------+--------+--------+--------+--------+-----+--------+
         Total |   5317 |   5140 |    177 |    606 |   3384 |   8 |  664.6 |
       Dungeon |   5317 |   5140 |    177 |    606 |   3384 |   8 |  664.6 |
               +--------+--------+--------+--------+--------+-----+--------+

Top non-repeatable levels by time:
     D:4: 1450 daAuts
     D:3: 1124 daAuts
     D:1: 964 daAuts
     D:2: 844 daAuts
     D:5: 484 daAuts
     D:8: 350 daAuts
     D:7: 71 daAuts
     D:6: 26 daAuts
